Map: Graystone Ravine

Players

Ekelpack

  • Race: Zerg Zerg
  • Spawn Location: 9:00

Nyck

  • Race: Terran Terran
  • Spawn Location: 11:00

teddy

  • Race: Protoss Protoss
  • League: Diamond
  • Spawn Location: 5:00

babbenilsson

  • Race: Terran Terran
  • Spawn Location: 3:00

VOD

Have the link to the VOD?

Description

Time

  • Played on: Oct. 2, 2024, 3:28 p.m.
  • Length: 7:20
Show
View Real Time Build Order
Export as new Build Order

Ekelpack Zerg 

Build Orders: Hatch First 

Get SALT Encoding   

  12  0:00  Drone  
  13  0:12  Overlord  
  13  0:17  Drone  
  14  0:31  Drone  
  15  0:47  Hatchery  
  15  0:49  Drone  
  15  1:04  Spawning Pool  
  15  1:08  Drone  
  15  1:11  Extractor  
  15  1:12  Drone  
  15  1:19  Drone  
  15  1:21  Drone  
  17  1:30  Drone  
  18  1:41  Drone  
  19  1:51  Queen  
  21  1:56  Drone  
  21  1:59  Queen  
  24  2:02  Drone  
  24  2:05  Drone  
  26  2:11  Drone  
  26  2:15  Drone, Extractor  
  27  2:19  Extractor  
  26  2:23  Overlord  
  26  2:25  Drone  
  27  2:33  Lair  
  27  2:41  Queen  
  29  2:45  Drone  
  29  2:50  Drone x2  
  32  2:52  Drone  
  32  2:55  Drone  
  34  3:01  Overlord  
  34  3:06  Drone x2  
  36  3:22  Extractor  
  36  3:25  Drone x5  
  40  3:35  Spire  
  39  3:55  Zergling x10  
  43  3:56  Overlord  
  43  3:57  Metabolic Boost  
  43  3:59  Overlord  
  44  4:24  Drone x2  
  44  4:25  Drone x4  
  50  4:33  Overlord x2  
  50  4:48  Mutalisk x4  
  58  4:57  Mutalisk  
  58  4:58  Mutalisk x4  
  68  5:01  Overlord  
  68  5:09  Zerg Flyer Weapons Level 1  
  68  5:27  Hatchery  
  62  5:53  Pneumatized Carapace  
  62  5:55  Zergling x4, Mutalisk x4  
  62  5:56  Overlord x2  
  70  6:11  Overlord x3  
  58  6:43  Queen  
Show
View Real Time Build Order
Export as new Build Order

Nyck Terran 

Build Orders:  

Get SALT Encoding   

  12  0:01  SCV  
  13  0:15  Supply Depot  
  13  0:18  SCV  
  14  0:30  Refinery  
  14  0:31  SCV  
  15  0:42  Barracks  
  15  0:48  SCV  
  16  1:00  SCV  
  17  1:12  SCV, Refinery  
  18  1:25  SCV  
  19  1:32  Supply Depot, Marine  
  20  1:39  Orbital Command  
  20  2:06  Factory  
  20  2:19  Command Center  
  20  2:27  Reaper  
  20  2:28  SCV  
  22  2:40  SCV  
  23  2:51  Starport, Factory Reactor  
  23  2:52  SCV  
  24  3:01  Barracks  
  24  3:04  SCV  
  25  3:16  SCV  
  26  3:32  Engineering Bay  
  26  3:59  Engineering Bay  
  26  4:02  SCV  
  26  4:17  SCV  
  26  4:18  Orbital Command  
  26  4:21  Refinery  
  27  4:28  Armory  
  27  4:34  Medivac x2  
  31  4:39  Marine x2  
  33  4:50  Fusion Core  
  33  4:51  SCV x2  
  35  4:57  Marine x2  
  37  5:03  SCV x2  
  39  5:15  SCV x2, Marine x2, Refinery  
  43  5:27  SCV x2  
  45  5:33  Marine  
  46  5:36  Missile Turret  
  46  5:43  Missile Turret  
  46  5:58  Missile Turret  
  46  6:04  Missile Turret  
  46  6:21  Starport  
  46  6:23  Starport Tech Lab  
  46  6:27  Starport  
  46  6:28  Marine  
  46  6:43  Marine  
  46  6:46  Marine  
  45  7:00  Starport  
Show
View Real Time Build Order
Export as new Build Order

teddy Protoss 

Build Orders: 1 Gate Expand, Phoenix Opening 

Get SALT Encoding   

  12  0:00  Probe  
  13  0:12  Probe  
  14  0:24  Probe, Pylon  
  15  0:42  Probe (Chrono Boost)  
  16  0:47  Gateway  
  16  0:50  Probe (Chrono Boost)  
  17  0:59  Assimilator  
  17  1:01  Probe  
  18  1:13  Probe  
  19  1:26  Probe  
  20  1:38  Probe  
  21  1:44  Nexus  
  21  1:50  Probe  
  22  1:54  Assimilator  
  22  2:02  Cybernetics Core, Probe  
  22  2:12  Pylon  
  22  2:14  Probe  
  23  2:30  Probe  
  24  2:38  Adept  
  24  2:41  Gateway  
  24  2:42  Probe  
  27  2:45  Stargate  
  27  2:54  Warp Gate  
  27  2:55  Probe x2  
  29  2:59  Pylon  
  29  3:04  Assimilator  
  29  3:06  Assimilator  
  29  3:07  Probe x2  
  31  3:17  Stargate  
  31  3:19  Probe x2  
  33  3:30  Phoenix  
  33  3:31  Probe  
  33  3:32  Probe  
  37  3:43  Probe  
  37  3:45  Probe  
  39  3:55  Probe  
  40  4:01  Phoenix  
  40  4:02  Phoenix  
  44  4:08  Probe x2  
  46  4:20  Probe  
  47  4:26  Phoenix  
  47  4:27  Probe  
  50  4:32  Phoenix  
  50  4:33  Probe  
  50  4:37  Pylon  
  53  4:40  Gateway  
  53  4:42  Gateway, Probe  
  53  4:44  Gateway  
  54  4:50  Nexus  
  54  4:57  Probe x2  
  56  5:07  Protoss Air Weapons Level 1 (Chrono Boost)  
  56  5:09  Probe  
  57  5:15  Probe  
  56  5:30  Probe x2  
  56  5:31  Phoenix x2  
  62  5:47  Pylon x2  
  62  5:49  Pylon  
  62  6:02  Probe, Phoenix x2  
  67  6:06  Probe  
  67  6:07  Probe  
  69  6:14  Probe  
  70  6:27  Phoenix  
  70  6:32  Phoenix  
  68  6:52  Phoenix  
  70  6:56  Probe  
  70  7:01  Probe x2  
  74  7:08  Probe  
Show
View Real Time Build Order
Export as new Build Order

babbenilsson Terran 

Build Orders: 2 Factory 

Get SALT Encoding   

  12  0:00  SCV  
  13  0:17  SCV  
  13  0:19  Supply Depot  
  14  0:29  SCV  
  15  0:41  SCV  
  15  0:42  Refinery  
  16  0:45  Barracks  
  16  0:53  SCV  
  17  1:06  SCV  
  18  1:18  SCV  
  19  1:22  Refinery  
  19  1:30  SCV  
  20  1:41  Barracks  
  20  1:46  Orbital Command  
  20  1:53  Barracks Tech Lab  
  20  2:00  Factory  
  20  2:15  SCV  
  21  2:21  Supply Depot  
  21  2:27  SCV  
  21  2:29  Barracks Reactor  
  22  2:36  Supply Depot  
  22  3:02  Supply Depot  
  22  3:07  Factory  
  22  3:08  Marine x2  
  22  3:09  Marine  
  22  3:12  SCV  
  26  3:26  Command Center  
  26  3:28  SCV  
  26  3:30  Marine  
  26  3:31  Marine  
  30  3:38  Siege Tank  
  30  3:40  SCV  
  32  4:30  SCV  
  33  4:42  SCV  
  37  4:45  Siege Tank  
  37  4:49  Hellion x2  
  41  4:54  SCV  
  42  5:06  SCV  
  43  5:10  Hellion x2  
  47  5:24  SCV, Siege Tank  
  51  5:31  Hellion  
  51  5:32  Hellion  
  54  5:53  Hellion  
  54  5:56  Siege Tank  
  55  6:07  Hellion  
  55  6:09  Marine x2  
  59  6:14  SCV, Hellion  
  62  6:51  SCV, Marine x2  
Tags
 
Add a new tag
Caveats
  • Supply blocks, unpowered buildings, or Contaminate may cause inaccurate times.
  • Supply counts are checked every 10 seconds.